 Dungeon Crawl Stone Soup version 0.30-a0-1074-g5db6f66fbb (webtiles) character file.

Game seed: 13202956741604012303

174 NinjaNoafa the Shooter (level 5, -3/39 HPs)
             Began as a Barachi Hunter on Apr 13, 2023.
             Slain by a river rat (8 damage)
             ... on level 4 of the Dungeon.
             The game lasted 00:04:06 (2169 turns).

NinjaNoafa the Shooter (Barachi Hunter)             Turns: 2169, Time: 00:04:06

Health: -3/39      AC:  3    Str: 12    XL:     5   Next: 54%
Magic:  5/5        EV: 12    Int: 10    God:
Gold:   237        SH:  0    Dex: 23    Spells: 4/4 levels left

rFire   . . .      SeeInvis .    a - +0 shortbow
rCold   . . .      Faith    .    (shield currently unavailable)
rNeg    . . .      Spirit   .    c - +0 leather armour
rPois   .          Reflect  .    (helmet restricted)
rElec   .          Rampage  .    (no cloak)
rCorr   .          Rage     3%   (no gloves)
Will    .....                    (no boots)
Stlth   ++                       (no amulet)
HPRegen 0.26/turn                o - +6 ring of dexterity
MPRegen 0.09/turn                t - ring of flight

@: unable to hop, flying, slow
A: amphibious, slowness 1, strong legs 1, +LOS, beak, berserk 1
a: Hop


You were on level 4 of the Dungeon.
You visited 1 branch of the dungeon, and saw 4 of its levels.

You collected 237 gold pieces.

Inventory:

Hand Weapons
 a - a +0 shortbow (weapon)
Armour
 c - a +0 leather armour (worn)
 q - a +0 pair of boots
 r - a +0 buckler
Jewellery
 m - a ring of fire
 o - a +6 ring of dexterity (left hand)
 t - a ring of flight (right hand)
Wands
 w - a wand of flame (13)
Scrolls
 b - 3 scrolls of immolation
 d - 3 scrolls of teleportation {unknown}
 g - a scroll of blinking {unknown}
 l - 4 scrolls of identify {unknown}
 n - a scroll of vulnerability {unknown}
 s - 2 scrolls of amnesia {unknown}
 v - a scroll of brand weapon {unknown}
Potions
 e - 2 potions of mutation
 f - a potion of ambrosia {unknown}
 h - a potion of curing {unknown}
 i - 2 potions of might {unknown}
 j - 4 potions of brilliance {unknown}
 k - a potion of haste {unknown}
 p - a potion of attraction {unknown}
 u - a potion of heal wounds {unknown}


   Skills:
 - Level 2.4 Fighting
 + Level 6.6 Ranged Weapons
 - Level 2.1 Dodging
 - Level 0.8 Stealth


You had 4 spell levels left.
You didn't know any spells.
Your spell library was empty.

Dungeon Overview and Level Annotations

Branches:
Dungeon (4/15)
 Temple: D:4-7

Altars:

Portals:
Sewer: D:4


Innate Abilities, Weirdness & Mutations

You are amphibious.
You cover ground slowly.
You can hop short distances.
You have an extended range of vision and can be seen from far away.
You have a beak for a mouth.
You sometimes lose your temper in combat.


Message History

The river rat bites you.
* * * LOW HITPOINT WARNING * * *
Hop to where?
Press: ? - help, Dir - move target, p - river rat Boing!
Fire: a) +0 shortbow
Press: ? - help, Q - select action, (/) - cycle Shift-Dir - straight line, f - river rat
Aim: a river rat (severely wounded, 64% to hit)
You shoot an arrow.
The arrow closely misses the river rat. x2
The arrow hits the rat.
You kill the rat!
Fire: a) +0 shortbow
Press: ? - help, Q - select action, (/) - cycle Shift-Dir - straight line, p - river rat You shoot an arrow.
Unknown command.
You shoot an arrow.
The arrow hits the river rat but does no damage.
The river rat is severely wounded.
The river rat misses you.
You shoot an arrow.
The arrow hits the river rat but does no damage.
The river rat is severely wounded.
The river rat barely misses you.
The river rat twitches its whiskers.
The river rat closely misses you.
You shoot an arrow. The arrow hits the river rat.
The river rat is severely wounded.
The river rat bites you but does no damage.
You shoot an arrow. The arrow hits the river rat!
You kill the river rat!
You shoot an arrow. The arrow hits the river rat.
The river rat is lightly wounded.
The river rat misses you.
You shoot an arrow. The arrow barely misses the river rat.
The river rat misses you.
You shoot an arrow. The arrow closely misses the river rat.
The river rat bites you.
* * * LOW HITPOINT WARNING * * *
The river rat bites you!
You die...

..#
#.####....######
..# #.# ####.# .##
#.# #†# .# #.# #)#
.# #.# #.# .# #.#
#.# .# #.# #.#
.#######.### #r#
......<....#####@#
#######.#.......#
######.#########
#......# #.######
#.# ###.# ....#
#####


You could see a river rat.

Vanquished Creatures
  A sleepcap (D:4)
  Jessica (D:2)
  Terence (D:2)
  2 adders (D:2)
  2 river rats (D:4)
  A worm (D:2)
  A dart slug (D:3)
  2 orcs
  10 ball pythons
  3 bats
  3 endoplasms
  2 giant cockroaches (D:1)
  3 hobgoblins
  4 jackals
  A quokka (D:3)
  7 frilled lizards
  3 goblins
  4 kobolds
  9 rats
60 creatures vanquished.

Notes
Turn   | Place    | Note
-------+----------+-------------------------------------------
     0 | D:1      | NinjaNoafa the Barachi Hunter began the quest for the Orb.
     0 | D:1      | Reached XP level 1. HP: 17/17 MP: 1/1
   116 | D:1      | Reached XP level 2. HP: 22/23 MP: 2/2
   158 | D:1      | Found a faded altar of an unknown god.
   158 | D:1      | Noticed a golden eye
   160 | D:1      | Noticed a great orb of eyes
   160 | D:1      | Noticed a floating eye
   161 | D:1      | Noticed a shining eye
   685 | D:2      | Reached XP level 3. HP: 28/28 MP: 3/3
   729 | D:2      | Reached skill level 5 in Ranged Weapons
   789 | D:2      | Noticed Terence
   805 | D:2      | Killed Terence
   806 | D:2      | Reached XP level 4. HP: 22/34 MP: 4/4
   865 | D:2      | Noticed Jessica
   869 | D:2      | Killed Jessica
  1267 | D:2      | Reached skill level 6 in Ranged Weapons
  1836 | D:3      | Reached XP level 5. HP: 38/39 MP: 5/5
  2143 | D:4      | Found a glowing drain.
  2156 | D:4      | Gained mutation: You sometimes lose your temper in combat.
                  | [potion of mutation]
  2156 | D:4      | Gained mutation: You have a beak for a mouth. [potion of
                  | mutation]
  2169 | D:4      | Slain by a river rat

Illustrated notes

Levels and vault maps discovered:
D:1:      lemuel_arrival_broad_hall, layout_loops_ring,
          hellmonk_ecumenical_altar_watching_god
D:2:      layout_loops_ring, uniq_terence, uniq_jessica
D:3:      layout_loops_corners
D:4:      minmay_chambers_of_fours, layout_loops_ring, fedhas_altar_fruit_tree,
          portal_sewer_entry_b

Skill      XL: |  1  2  3  4 |
---------------+-------------+-----
Ranged Weapons | 5 6 |  6.6
Fighting       | |  2.4
Dodging        | |  2.1
Stealth        | |  0.8

Action                     |  1- 3 |  4- 6 || total
---------------------------+-------+-------++-------
   Fire: Shortbow          |    93 |    75 ||   168
Ability: Hop               |     2 |     2 ||     4
  Evoke: Wand              |       |     3 ||     3
    Use: Potion            |       |     1 ||     1
 Armour: Leather armour    |    16 |     3 ||    19
  Dodge: Dodged            |    55 |    20 ||    75

Table legend: (Time is in decaauts)
 A = Elapsed time spent in this place.
 B = Non-inter-level travel time spent in this place.
 C = Inter-level travel time spent in this place.
 D = Time resting spent in this place.
 E = Time spent auto-exploring this place.
 F = Levels seen in this place.
 G = Mean time per level.
                   A        B        C        D        E       F      G
               +--------+--------+--------+--------+--------+-----+--------+
         Total |   2596 |   2411 |    185 |      0 |   1977 |   4 |  649.0 |
       Dungeon |   2596 |   2411 |    185 |      0 |   1977 |   4 |  649.0 |
               +--------+--------+--------+--------+--------+-----+--------+

Top non-repeatable levels by time:
     D:3: 917 daAuts
     D:1: 813 daAuts
     D:2: 715 daAuts
     D:4: 150 daAuts
